 Dungeon Crawl Stone Soup version 0.29.0-4-gdea44cf6ec (webtiles) character file.

Game seed: 16403236720354578623

69 qw the Chopper (level 4, -5/26 HPs)
             Began as a Tengu Warper on Aug 29, 2022.
             Was an Initiate of Okawaru.
             Slain by a black bear (7 damage)
             ... on level 4 of the Dungeon.
             The game lasted 00:00:57 (2502 turns).

qw the Chopper (Tengu Warper)                       Turns: 2502, Time: 00:00:58

Health: -5/26      AC: 10    Str: 13    XL:     4   Next: 20%
Magic:  8/8        EV:  3    Int: 11    God:    Okawaru [......]
Gold:   187        SH:  0    Dex: 14    Spells: 7/7 levels left

rFire   . . .      SeeInvis .   Y - +0 hand axe
rCold   . . .      Faith    .   (no shield)
rNeg    . . .      Spirit   .   a - +0 plate armour
rPois   .          Reflect  .   (helmet restricted)
rElec   .          Harm     .   (no cloak)
rCorr   .          Rampage  .   (no gloves)
Will    .....                   (boots unavailable)
Stlth   ..........              (no amulet)
HPRegen 0.08/turn               (no ring)
MPRegen 0.11/turn               (no ring)

@: about to teleport
A: beak, talons 3, horns 1, dopey 1
a: Renounce Religion


You were on level 4 of the Dungeon.
You worshipped Okawaru.
Okawaru was noncommittal.
You visited 1 branch of the dungeon, and saw 4 of its levels.

You collected 187 gold pieces.


Innate Abilities, Weirdness & Mutations

You have a beak for a mouth.
You have claws for feet.
You have a pair of small horns on your head.
You are dopey. (Int -2)


   Skills:
 - Level 2.0 Fighting
 + Level 4.4 Axes
 - Level 1.0 Throwing
 - Level 2.0 Armour
 - Level 2.1 Dodging
 - Level 2.0 Spellcasting
 - Level 2.4 Translocations


You had 7 spell levels left.
You didn't know any spells.
Your spell library contained the following spells:

 Spells                   Type           Power      Damage    Failure   Level
 Blink                    Tloc           12%        N/A       100%        2
 Gell's Gravitas          Tloc           6%         N/A       100%        3
 Lesser Beckoning         Tloc           6%         N/A       100%        3
 Teleport Other           Tloc           6%         N/A       100%        3
 Manifold Assault         Tloc           6%         N/A       100%        5

Inventory:

Hand Weapons
 g - a +0 mace
 Y - a +0 hand axe (weapon)
Armour
 a - a +0 plate armour (worn)
 e - +0 fire dragon scales
Jewellery
 c - an amulet of guardian spirit
 d - an amulet of regeneration
Scrolls
 h - a scroll of identify
Potions
 b - a potion of haste {unknown}
 f - a potion of attraction {unknown}
 j - a potion of heal wounds {unknown}
 n - a potion of mutation
 o - a potion of ambrosia {unknown}

Dungeon Overview and Level Annotations

Branches:
Dungeon (4/15)
 Temple: D:4-7

Altars:
Ashenzari
Okawaru
Vehumet


Message History

An endoplasm comes into view.
The black bear bites you.
The black bear claws you but does no damage. x2
You closely miss the black bear.
The black bear is moderately wounded.
The black bear bites you. The black bear barely misses you.
The black bear claws you but does no damage.
You barely miss the black bear. You claw the black bear.
You headbutt the black bear. Your peck misses the black bear.
The black bear is moderately wounded.
The black bear bites you but does no damage.
The black bear claws you.
The black bear claws you but does no damage.
You closely miss the black bear. Your kick misses the black bear.
You headbutt the black bear. You peck the black bear.
The black bear is heavily wounded.
A hobgoblin comes into view.
The black bear bites you.
The black bear claws you but does no damage. x2
The hobgoblin shouts!
You hit the black bear. You claw the black bear.
You peck the black bear, but do no damage.
The black bear is almost dead.
The black bear goes berserk!
You barely miss the black bear.
The black bear is almost dead.
The black bear bites you.
The black bear claws you but does no damage. x2
The black bear bites you.
The black bear claws you but does no damage.
The black bear completely misses you.
You hit the black bear.
The black bear is almost dead.
The black bear bites you! The black bear barely misses you.
The black bear claws you.
2502 ||| READING scroll of teleportation.
As you read the scroll of teleportation, it crumbles to dust.
You feel strangely unstable. The black bear bites you!
You die...

.# ###.#
....# #...#
#...
#.###g.###.#
#..Jh......#
#@.#
#######..#
........[#
###.####.#
#.# #.# #.#
##.# #..#


You could see a black bear (berserk), an endoplasm and a hobgoblin.

Vanquished Creatures
  An adder (D:3)
  A worm (D:1)
  A dart slug (D:1)
  6 endoplasms
  3 giant cockroaches
  2 goblins
  6 hobgoblins
  A quokka (D:1)
  10 ball pythons
  8 bats
  6 frilled lizards
  3 kobolds
  6 rats
54 creatures vanquished.

Notes
Turn   | Place    | Note
-------+----------+-------------------------------------------
     0 | D:1      | qw the Tengu Warper began the quest for the Orb.
     0 | D:1      | Reached XP level 1. HP: 12/12 MP: 4/4
     0 | D:1      | 0 ||| qw: Version: 0.1-a-89-g26bdef1
     0 | D:1      | 0 ||| qw: Game counter: 3569
     0 | D:1      | 0 ||| qw: Always use a shield: true
     0 | D:1      | 0 ||| qw: God list: Okawaru
     0 | D:1      | 0 ||| qw: Allow faded altars: false
     0 | D:1      | 0 ||| qw: Do Orc after D:15 true
     0 | D:1      | 0 ||| qw: Do second Lair branch before Depths: true
     0 | D:1      | 0 ||| qw: Lair rune preference: random
     0 | D:1      | 0 ||| qw: Plans: Normal
     0 | D:1      | 0 ||| PLANNING D:1-11
    85 | D:1      | 85 ||| DROPPING +0 club.
   224 | D:1      | Reached XP level 2. HP: 17/17 MP: 6/6
   242 | D:1      | Reached skill level 3 in Axes
   762 | D:1      | 762 ||| Stepping ~*~*~tactically~*~*~ (hiding).
  1118 | D:1      | 1118 ||| UPGRADING to +0 fire dragon scales.
  1128 | D:1      | 1128 ||| DROPPING +0 leather armour.
  1129 | D:1      | 1129 ||| DROPPING amulet of magic regeneration.
  1130 | D:1      | 1130 ||| READING scroll labelled BOENNE CUIRPH.
  1131 | D:1      | 1131 ||| READING 2 scrolls labelled XUDGHE XOYWK.
  1132 | D:1      | 1132 ||| READING 2 scrolls labelled DUUNUO SEEX.
  1135 | D:1      | 1135 ||| DROPPING scroll of blinking.
  1136 | D:1      | 1136 ||| DROPPING scroll of immolation.
  1156 | D:2      | 1156 ||| STAIRDANCE
  1162 | D:2      | 1162 ||| STAIRDANCE
  1168 | D:1      | Reached XP level 3. HP: 19/21 MP: 7/7
  1209 | D:2      | 1209 ||| Stepping ~*~*~tactically~*~*~ (stealth).
  1211 | D:2      | 1211 ||| Stepping ~*~*~tactically~*~*~ (stealth).
  1220 | D:2      | Reached skill level 4 in Axes
  1486 | D:2      | 1486 ||| Stepping ~*~*~tactically~*~*~ (stealth).
  1732 | D:2      | 1732 ||| UPGRADING to +0 plate armour.
  1742 | D:2      | 1742 ||| UPGRADING to amulet of guardian spirit.
  1754 | D:3      | Found a radiant altar of Vehumet.
  1788 | D:3      | Found a broken altar of Ashenzari.
  1993 | D:3      | Reached XP level 4. HP: 26/26 MP: 8/8
  2248 | D:3      | 2248 ||| Stepping ~*~*~tactically~*~*~ (stealth).
  2284 | D:3      | 2284 ||| Stepping ~*~*~tactically~*~*~ (stealth).
  2402 | D:3      | 2402 ||| READING 2 scrolls labelled MEIXTE MUJOVU.
  2403 | D:3      | 2403 ||| READING scroll labelled VAOFFOL RAUTTO.
  2404 | D:3      | 2404 ||| READING scroll labelled QENOEH UMYAROV.
  2405 | D:3      | 2405 ||| READING scroll labelled QAIPHA OVVIPHE.
  2406 | D:3      | 2406 ||| READING scroll labelled FIMPIA BIWUIPY.
  2407 | D:3      | 2407 ||| DRINKING 2 bubbling inky potions.
  2407 | D:3      | Gained mutation: You are dopey. (Int -2) [potion of
                  | mutation]
  2407 | D:3      | Gained mutation: You have a pair of small horns on your
                  | head. [potion of mutation]
  2449 | D:4      | Found an iron altar of Okawaru.
  2457 | D:4      | Became a worshipper of Warmaster Okawaru
  2458 | D:4      | 2458 ||| REMOVING amulet of guardian spirit.
  2492 | D:4      | Noticed a black bear
  2501 | D:4      | HP: 3/26 [black bear (11)]
  2502 | D:4      | 2502 ||| READING scroll of teleportation.
  2502 | D:4      | Slain by a black bear

Levels and vault maps discovered:
D:1:      dpeg_arrival_round_b, layout_basic
D:2:      layout_basic, minmay_fountain_box
D:3:      layout_basic, vehumet_crystals, evilmike_ruin_ashenzari
D:4:      layout_loops_ring, mainiacjoe_overflow_tiny_flanked,
          okawaru_metal_pillars_1_2, minmay_temple_entry_fiery

Skill      XL: |  1  2  3  4 |
---------------+-------------+-----
Axes           | 3 4 |  4.4
Armour         | 2 |  2.0
Fighting       | |  2.0
Throwing       | |  1.0
Dodging        | |  2.1
Spellcasting   | |  2.0
Translocations | |  2.4

Action                   |  1- 3 |  4- 6 || total
-------------------------+-------+-------++-------
Melee: Hand axe          |    86 |    26 ||   112
       Kick              |    15 |     7 ||    22
       Peck              |    11 |     7 ||    18
       Headbutt          |       |     2 ||     2
Throw: Boomerang         |     7 |       ||     7
  Use: Scroll            |     3 |     6 ||     9
       Potion            |       |     1 ||     1
Armor: Leather armour    |    13 |       ||    13
       Fire dragon scale |    12 |       ||    12
       Plate armour      |    10 |    20 ||    30
Dodge: Dodged            |    61 |     4 ||    65

Table legend:
 A = Non-vault XP
 B = Vault XP
 C = Vault XP percentage of total XP
 D = Non-vault monster count
 E = Vault monster count
 F = Vault count percentage of total count
                 A         B        C        D         E       F
            +---------+---------+-------+---------+---------+-------
      Total |      99 |       0 |   0.0 |      54 |       0 |   0.0
            +---------+---------+-------+---------+---------+-------
        D:1 |      35 |       0 |   0.0 |      21 |       0 |   0.0
        D:2 |      31 |       0 |   0.0 |      19 |       0 |   0.0
        D:3 |      33 |       0 |   0.0 |      14 |       0 |   0.0
            +---------+---------+-------+---------+---------+-------
